 Dungeon Crawl Stone Soup version 0.26.1-11-gd32895ea62 (webtiles) character file.

Game seed: 2642859114797814573

181 H0rd4k the Insei (level 5, -5/33 HPs)
             Began as an Octopode Transmuter on May 10, 2021.
             Slain by Natasha (9 damage)
             ... on level 3 of the Dungeon.
             The game lasted 00:03:01 (3760 turns).

H0rd4k the Insei (Octopode Transmuter)              Turns: 3760, Time: 00:03:02

Health: -5/33      AC:  1    Str:  7 (10) XL:     5   Next: 61%
Magic:  9/9        EV: 13    Int: 13 (16) God:
Gold:   142        SH:  0    Dex: 10 (12) Spells: 2/9 levels left

rFire    + . .     SeeInvis .     - Unarmed
rCold    . . .     Faith    .   (no shield)
rNeg     . . .     Spirit   .   (helmet restricted)
rPois    +         Reflect  .   (no amulet)
rElec    .         Harm     .   a - ring of protection from fire (curse)
rCorr    +         Rampage  .   f - ring of resist corrosion
Will     .....                  l - ring of poison resistance
Stlth    +++.......             (no ring)
HPRegen  0.11/turn              (no ring)
MPRegen  0.11/turn              (no ring)
                                (no ring)
                                (no ring)

@: mighty, brilliant, about to teleport
A: almost no armour, stealthy swim, amphibious, 8 rings, constrict 8, camouflage
1, gelatinous body 1
a: no special abilities


You were on level 3 of the Dungeon.
You visited 1 branch of the dungeon, and saw 3 of its levels.

You collected 142 gold pieces.

Inventory:

Jewellery
 a - a cursed ring of protection from fire (left tentacle)
 f - a ring of resist corrosion (right tentacle)
 l - a ring of poison resistance (on tentacle)
Scrolls
 c - a scroll of amnesia {unknown}
 e - a scroll of remove curse {unknown}
 h - 2 scrolls of teleportation
 j - a scroll of blinking {unknown}
 n - 3 scrolls of identify {unknown}


   Skills:
 + Level 1.4 Fighting
 + Level 2.7 Dodging
 - Level 1.4 Stealth
 + Level 4.2 Unarmed Combat
 * Level 2.7 Spellcasting
 * Level 2.7 Transmutations
 * Level 1.9 Poison Magic


You had 2 spell levels left.
You knew the following spells:

 Your Spells              Type           Power        Failure   Level
a - Beastly Appendage     Tmut           26%          8%          1
b - Spider Form           Tmut/Pois      5%           26%         3
c - Confusing Touch       Hex            2%           56%         3

Your spell library contained the following spells:

 Spells                   Type           Power        Failure   Level
 Wereblood                Tmut           13%          12%         2
 Gell's Gravitas          Tloc           1%           56%         3
 Ice Form                 Ice/Tmut       8%           80%         4
 Petrify                  Tmut/Erth      8%           80%         4
 Blade Hands              Tmut           6%           91%         5
 Yara's Violent Unravell  Hex/Tmut       4%           98%         5
 Metabolic Englaciation   Hex/Ice        1%           100%        5


Dungeon Overview and Level Annotations

Branches:
Dungeon (3/15)

Altars:

Annotations:
D:3 Grinder, Natasha


Innate Abilities, Weirdness & Mutations

You cannot wear most types of armour.
You are very stealthy in the water. (Stealth+)
You are amphibious.
You can wear up to eight rings at the same time.
You can use your tentacles to constrict eight enemies at once.
Your skin changes colour to match your surroundings (Stealth+).
Your rubbery body absorbs attacks. (AC +1, EV +1)


Message History

You start resting.
* * * LOW HITPOINT WARNING * * *
You feel sick.
You start resting.
* * * LOW HITPOINT WARNING * * *
You feel sick.
You are no longer poisoned.
You start resting.
Natasha is nearby!
Things that are here:
a +0 spear; a gnoll corpse
There is an open door, spattered with blood here.
Natasha hisses angrily.
You aren't carrying any items that you can evoke.
As you read the scroll labelled MANAQI MEEQ, it crumbles to dust.
You feel strangely unstable.
It was a scroll of teleportation.
Natasha drinks a potion.
Natasha flickers and vanishes!
Deactivating autopickup; reactivate with Ctrl-A.
Something claws you!
You die...

#..)).......#
#.###.####.÷##### #.#
#.##.÷........ #.#
#.##>##.###... #.# #.##.##.#
# #.# #..<....# #.#
##♣♣.##♣## ## ###.#
#....#..#.. #.# ##.#.#
#P@♣..P.... #.#
##.#..###♣..{#♣.♣♣..§ #.
#.###....♣♣P#'#♣.♣♣ ♣. #
##.#.#.##♣♣##)##♣..♣♣.♣♣♣###
##.##.##♣♣#..)#.♣........##
#.##.##.♣##.##..♣♣♣♣....#.
#.##.##.. #'#.......♣♣...#
#.##.##.♣♣♣#.♣♣.♣♣♣.....##
#.##.##.♣.....♣.♣......##


There were no monsters in sight!

Vanquished Creatures
  Terence (D:3)
  Natasha (D:3)
  2 gnolls (D:3)
  3 adders (D:2)
  An ooze (D:3)
  3 worms
  3 dart slugs
  3 leopard geckos
  An orc (D:3)
  3 giant cockroaches
  7 goblins
  8 hobgoblins
  3 jackals (D:3)
  4 kobolds
  3 quokkas (D:3)
  A ball python (D:1)
  8 bats
  4 frilled lizards
  A jackal skeleton (D:3)
  3 rats
63 creatures vanquished.

Vanquished Creatures (others)
  53 plants (D:3)
53 creatures vanquished.

Grand Total: 116 creatures vanquished

Notes
Turn   | Place    | Note
-------+----------+-------------------------------------------
     0 | D:1      | H0rd4k the Octopode Transmuter began the quest for the Orb.
     0 | D:1      | Reached XP level 1. HP: 13/13 MP: 3/3
   731 | D:1      | Reached XP level 2. HP: 18/18 MP: 5/5
  1281 | D:2      | Reached skill level 1 in Stealth
  1402 | D:2      | Reached XP level 3. HP: 23/23 MP: 6/6
  1406 | D:2      | Learned a level 3 spell: Spider Form
  1618 | D:2      | Reached skill level 1 in Poison Magic
  2397 | D:2      | Reached XP level 4. HP: 23/28 MP: 7/7
  2679 | D:3      | Noticed Terence
  2687 | D:3      | Killed Terence
  2888 | D:3      | Noticed Grinder
  3150 | D:3      | Noticed Natasha
  3162 | D:3      | Killed Natasha
  3163 | D:3      | Reached skill level 4 in Unarmed Combat
  3163 | D:3      | Reached XP level 5. HP: 32/33 MP: 8/8
  3167 | D:3      | Learned a level 3 spell: Confusing Touch
  3348 | D:3      | Noticed Natasha
  3729 | D:3      | HP: 1/33 [poisoned by a gnoll]
  3760 | D:3      | Slain by Natasha

Illustrated notes

Levels and vault maps discovered:
D:1:      dpeg_arrival_water_fire, layout_basic, serial_co_window_serial,
          co_window_corner_a, co_window_corner_a, co_window_of_opportunity_a,
          co_window_corner_a, co_window_paths_b, co_window_unsneaky_path_c,
          co_window_broadway_c, co_window_of_opportunity_b, co_window_4corner_a,
          co_window_paths_d, glass_columns_c, minmay_crystal_room
D:2:      layout_basic
D:3:      wad_woods_tower, layout_loops_ring, serial_park_tiny_1, uniq_natasha,
          uniq_terence, uniq_grinder

Skill      XL: |  1  2  3  4 |
---------------+-------------+-----
Stealth        | 1 |  1.4
Poison Magic   | 1 |  1.9
Unarmed Combat | 4 |  4.2
Fighting       | |  1.4
Dodging        | |  2.7
Spellcasting   | |  2.7
Transmutations | |  2.7

Action                   |  1- 3 |  4- 6 || total
-------------------------+-------+-------++-------
Melee: Unarmed           |    89 |   103 ||   192
       Constrict         |    20 |    25 ||    45
       Tentacles         |     5 |    17 ||    22
       Punch             |     2 |       ||     2
 Cast: Spider Form       |       |     1 ||     1
  Use: Potion            |     1 |     6 ||     7
       Scroll            |       |     1 ||     1
 Stab: Sleeping          |     8 |     5 ||    13
Armor: Skin              |    11 |    11 ||    22
Dodge: Dodged            |    62 |    65 ||   127
